 Dungeon Crawl Stone Soup version 0.28-a0-43-g560ac104fe (webtiles) character file.

Game seed: 2155808898883777033

1566 wakim the Spear-Bearer (level 8, 0/62 HPs)
             Began as a Merfolk Gladiator on July 28, 2021.
             Incinerated by a smoke demon (2 damage)
             ... with a sticky flame
             ... on level 5 of the Dungeon.
             The game lasted 00:19:05 (7999 turns).

wakim the Spear-Bearer (Merfolk Gladiator)          Turns: 7999, Time: 00:19:05

Health: 0/62       AC: -4    Str: 15    XL:     8   Next: 90%
Magic:  8/8        EV: 28    Int: 10    God:
Gold:   132        SH: 10    Dex: 17    Spells: 7/7 levels left

rFire   . . .      SeeInvis .   a - +1 trident
rCold   . . .      Faith    .   h - +0 kite shield
rNeg    . . .      Spirit   .   b - +0 leather armour
rPois   .          Reflect  .   c - +0 helmet
rElec   .          Harm     .   (no cloak)
rCorr   .          Rampage  .   (no gloves)
Will    .....                   (no boots)
Stlth   +.........              k - amulet of Temptation {Acrobat Int+3}
HPRegen 0.20/turn               (no ring)
MPRegen 0.11/turn               (no ring)

@: on fire, corroded, acrobatic, glowing
A: (nimble swimmer 2), mertail
a: no special abilities


You were on level 5 of the Dungeon.
You visited 1 branch of the dungeon, and saw 5 of its levels.
You also visited: Ossuary.

You collected 132 gold pieces.

Inventory:

Hand Weapons
 a - a +1 trident (weapon)
Missiles
 d - a throwing net {=f!f}
 e - a curare-tipped dart {=f}
 f - 28 bolts
 l - 13 poisoned darts (quivered)
 m - 5 silver boomerangs
Armour
 b - a +0 leather armour (worn)
 c - a +0 helmet (worn)
 h - a +0 kite shield (worn)
Jewellery
 k - the amulet of Temptation (around neck) {Acrobat Int+3}
   (You found it on level 5 of the Dungeon)

   [amulet of the acrobat]

   It increases your evasion while moving and waiting.
   Int:       It affects your intelligence (+3).
Wands
 w - a wand of acid (9)
Scrolls
 g - 2 scrolls of noise {unknown}
 T - 7 scrolls of teleportation
Potions
 i - a potion of attraction {unknown}
 j - a potion of resistance {unknown}
 n - 2 potions of heal wounds {unknown}
 o - a potion of haste {unknown}
 D - 4 potions of brilliance
 E - 2 potions of cancellation
 G - 3 potions of flight
 K - 2 potions of magic
 M - a potion of mutation {!q}


   Skills:
 + Level 5.1 Fighting
 * Level 9.6 Polearms
 + Level 2.1 Throwing
 + Level 6.9 Dodging
 + Level 3.4 Stealth
 * Level 5.6 Shields


You had 7 spell levels left.
You didn't know any spells.
Your spell library contained the following spells:

 Spells                   Type           Power      Damage    Failure   Level
 Pain                     Necr           0%         1d4       85%         1
 Sublimation of Blood     Necr           0%         N/A       94%         2
 Petrify                  Tmut/Erth      0%         N/A       100%        4
 Agony                    Necr           0%         N/A       100%        5
 Excruciating Wounds      Necr           0%         N/A       100%        5
 Irradiate                Conj/Tmut      0%         3d13      100%        5


Dungeon Overview and Level Annotations

Branches:
Dungeon (5/15)            Ossuary (visited)
 Temple: D:4-7

Altars:


Innate Abilities, Weirdness & Mutations

((You are quick and stealthy near water. (Stealth+, EV+, Speed+++)))
Your lower body shifts to a powerful aquatic tail in water.


Message History

The kobold demonologist is heavily wounded.
The kobold demonologist barely misses you.
The rust devil hits you. The rust devil corrodes you!
You hit the kobold demonologist but do no damage.
The kobold demonologist is heavily wounded.
You block the kobold demonologist's attack.
You block the rust devil's attack.
You barely miss the kobold demonologist.
The kobold demonologist is heavily wounded.
The kobold demonologist mumbles some strange words.
The rust devil hits you. The rust devil corrodes you!
You hit the kobold demonologist but do no damage.
The kobold demonologist is heavily wounded.
You block the kobold demonologist's attack.
You block the rust devil's attack.
You hit the kobold demonologist.
The kobold demonologist is heavily wounded.
The kobold demonologist gestures wildly while chanting.
The rust devil misses you.
You closely miss the kobold demonologist.
The kobold demonologist is heavily wounded.
The kobold demonologist casts a spell.
You hit the kobold demonologist.
The kobold demonologist is heavily wounded.
The smoke demon hits you. The smoke demon misses you. The smoke demon hits you.
The kobold demonologist hits you with a +0 dagger.
The white imp picks up a beetle and eats it.
You barely miss the kobold demonologist.
The kobold demonologist is heavily wounded.
The smoke demon gestures at you. The sticky flame hits you!
You are covered in liquid flames!
The sun demon hits you!!
* * * LOW HITPOINT WARNING * * *
You are engulfed in flames!
* * * LOW HITPOINT WARNING * * *
The kobold demonologist hits you with a +0 dagger.
* * * LOW HITPOINT WARNING * * *
You are covered in liquid flames!
You die...

######### #.......#
######## #.......#
#......# #.......#
##......#
#..@.(..###.......#
##3........)....####
#######5K3...[...######
##...#..554......##
###..........#####.#
..<...(......# ##.#
.#.........>.# ##..#
#....(......###..######
#..........##.........#


You could see a sun demon (summoned), a rust devil (summoned), a kobold
demonologist, a smoke demon (summoned), an iron imp (summoned), a crimson imp
(summoned) and a white imp (summoned).

Vanquished Creatures
  Grinder (D:3)
  Sigmund (D:2)
  An orc warrior (D:3)
  2 sky beasts
  A phantom (D:4)
  A kobold brigand (D:4)
  A scorpion (D:4)
  A water moccasin skeleton (D:5)
  A wight (D:5)
  2 hounds
  A centaur skeleton (D:4)
  2 orc priests (D:4)
  2 bullfrog skeletons (D:5)
  Jessica (D:3)
  An orc wizard (D:4)
  Terence (D:2)
  2 hound skeletons (D:4)
  14 mummies
  8 adders
  An ufetubus (D:4)
  2 adder skeletons
  A worm (D:4)
  2 dart slugs
  11 orcs
  5 ball pythons
  3 endoplasms
  2 giant cockroaches
  4 goblins
  4 hobgoblins
  14 jackals
  4 quokkas
  4 bats
  5 frilled lizards
  4 goblin skeletons (Ossuary)
  3 kobolds
  3 kobold skeletons (Ossuary)
  An orc skeleton (Ossuary)
  8 rats
  11 rat skeletons (Ossuary)
136 creatures vanquished.

Vanquished Creatures (others)
  A withered plant (D:1)
1 creature vanquished.

Grand Total: 137 creatures vanquished

Notes
Turn   | Place    | Note
-------+----------+-------------------------------------------
     0 | D:1      | wakim the Merfolk Gladiator began the quest for the Orb.
     0 | D:1      | Reached XP level 1. HP: 16/16 MP: 1/1
    23 | D:1      | Found a faded altar of an unknown god.
   152 | D:1      | Reached XP level 2. HP: 19/23 MP: 2/2
   380 | D:1      | Reached skill level 5 in Polearms
   706 | D:1      | Reached XP level 3. HP: 24/28 MP: 3/3
   984 | D:1      | Reached skill level 1 in Shields
  1543 | D:2      | Noticed Terence
  1801 | D:2      | Noticed Sigmund
  2177 | D:3      | Noticed Jessica
  2180 | D:3      | Killed Jessica
  2181 | D:3      | Reached XP level 4. HP: 34/34 MP: 4/4
  2392 | D:3      | Reached skill level 6 in Polearms
  2429 | D:3      | Noticed Grinder
  2551 | D:3      | Paralysed by Grinder for 3 turns
  2562 | D:3      | Killed Grinder
  2563 | D:3      | Reached skill level 7 in Polearms
  2563 | D:3      | Reached skill level 5 in Dodging
  2563 | D:3      | Reached XP level 5. HP: 19/41 MP: 5/5
  2563 | D:3      | Reached XP level 6. HP: 22/47 MP: 6/6
  3461 | D:4      | Found a sand-covered staircase.
  3471 | Ossuary  | Entered an ossuary
  3694 | Ossuary  | Reached XP level 7. HP: 53/53 MP: 7/7
  4295 | Ossuary  | Reached skill level 1 in Stealth
  4805 | D:4      | Reached skill level 8 in Polearms
  5535 | D:4      | Reached XP level 8. HP: 34/61 MP: 8/8
  6010 | D:5      | Entered Level 5 of the Dungeon
  6010 | D:5      | Noticed a troll
  6171 | D:5      | Identified the amulet of Temptation {Acrobat Int+3}
  6698 | D:2      | Killed Terence
  6832 | D:2      | Killed Sigmund
  6833 | D:2      | Reached skill level 9 in Polearms
  6833 | D:2      | Reached skill level 5 in Shields
  7484 | D:4      | Reached skill level 5 in Fighting
  7982 | D:5      | Noticed a kobold demonologist
  7987 | D:5      | Noticed a rust devil
  7994 | D:5      | Noticed a sun demon
  7996 | D:5      | Noticed a smoke demon
  7998 | D:5      | HP: 2/62 [kobold demonologist (4)]
  7999 | D:5      | Incinerated by a smoke demon

Illustrated notes

Levels and vault maps discovered:
D:1:      shiori_shiawase, layout_basic, ebering_ecumenical_altar_petrified,
          minivault_19, minmay_misc_feat_chi, minmay_misc_feat_more_columns,
          grunt_decor_fettered
D:2:      layout_rooms, uniq_sigmund, uniq_terence
D:3:      layout_basic, minmay_circle_x, uniq_grinder, uniq_jessica
D:4:      layout_loops_ring, gup_ossuary_entry_pyramid
D:5:      cheibrodos_fzero, layout_rooms, minmay_temple_entry_butterflies

Skill      XL: |  1  2  3  4  5  6  7  8 |
---------------+-------------------------+-----
Polearms       | 5 7 8 9 |  9.6
Shields        | 1 3 4 5 |  5.6
Fighting       | 3 4 5 |  5.1
Dodging        | 5 6 |  6.9
Stealth        | 2 3 |  3.4
Throwing       | |  2.1

Action                   |  1- 3 |  4- 6 |  7- 9 || total
-------------------------+-------+-------+-------++-------
Melee: Trident           |   126 |   126 |   305 ||   557
Throw: Throwing net      |       |     4 |       ||     4
       Dart              |       |       |    13 ||    13
Evoke: Wand              |       |       |     1 ||     1
  Use: Scroll            |     6 |     2 |     6 ||    14
       Potion            |       |       |     2 ||     2
 Stab: Sleeping          |     4 |     1 |     6 ||    11
       Held in net/web   |       |     1 |       ||     1
Armor: Leather armour    |    25 |    21 |    31 ||    77
Dodge: Dodged            |    67 |    47 |   106 ||   220
Block: Kite shield       |       |     5 |    89 ||    94

Table legend: (Time is in decaauts)
 A = Elapsed time spent in this place.
 B = Non-inter-level travel time spent in this place.
 C = Inter-level travel time spent in this place.
 D = Time resting spent in this place.
 E = Time spent auto-exploring this place.
 F = Levels seen in this place.
 G = Mean time per level.
                   A        B        C        D        E       F      G
               +--------+--------+--------+--------+--------+-----+--------+
         Total |   8064 |   7469 |    595 |   1135 |   4596 |   6 | 1344.0 |
       Dungeon |   6908 |   6313 |    595 |   1038 |   3811 |   5 | 1381.6 |
       Ossuary |   1155 |   1155 |      0 |     97 |    785 |   1 | 1155.0 |
               +--------+--------+--------+--------+--------+-----+--------+

Top non-repeatable levels by time:
     D:4: 2388 daAuts
     D:1: 1580 daAuts
     D:3: 1570 daAuts
 Ossuary: 1155 daAuts
     D:2: 946 daAuts
     D:5: 423 daAuts
